NWL (28 & UNDER)
BISMARK BORDER GUARDS @ CULVER CITY EXTRAS
09/05/2027
 
TOP OF THE 1ST
Bismark Border Guards batting - Pitching for Culver City Extras : RHP Luis Ramírez
Pitching: RHP Luis Ramírez
Batting: RHB Alfredo Farías 0-0: Swinging Strike
0-1: Swinging Strike
0-2: Ball
1-2: Ball
2-2: Strikes out looking
Batting: RHB Enrique Soto 0-0: Foul Ball, location: 2F
0-1: Foul Ball, location: 2F
0-2: Strikes out swinging
Batting: LHB Norbert Mosley 0-0: Called Strike
0-1: Called Strike
0-2: Strikes out swinging
Top of the 1st over - 0 run(s), 0 hit(s), 0 error(s), 0 left on base; Bismark 0 - Culver City 0
BOTTOM OF THE 1ST
Culver City Extras batting - Pitching for Bismark Border Guards : RHP Brandon Sweet
Pitching: RHP Brandon Sweet
Batting: RHB Augusto Trevino 0-0: Ball
1-0: Ball
2-0: Ball
3-0: Called Strike
3-1: Foul Ball, location: 2F
3-2: Strikes out swinging
Batting: RHB Horace Johnson 0-0: Ball
1-0: Foul Ball, location: 2F
1-1: Ball
2-1: SINGLE (Flyball, 89S)
Batting: RHB Ramón Molina 0-0: Ball
1-0: Called Strike
1-1: Foul Ball, location: 2F
1-2: Ball
2-2: SINGLE (Groundball, 6D)
Horace Johnson to second
Batting: RHB Tony Cruz 0-0: Ball
Ramón Molina steals 2nd base
Horace Johnson to third
1-0: Called Strike
1-1: Called Strike
1-2: Strikes out swinging
Batting: LHB Richard Bell 0-0: Ball
1-0: Ball
2-0: Called Strike
2-1: Swinging Strike
2-2: Ball
3-2: Foul Ball, location: 2F
3-2: Fly out, F5 (Popup, 5L)
Bottom of the 1st over - 0 run(s), 2 hit(s), 0 error(s), 2 left on base; Bismark 0 - Culver City 0
TOP OF THE 2ND
Bismark Border Guards batting - Pitching for Culver City Extras : RHP Luis Ramírez
Batting: SHB Vicente Pagán 0-0: Ball
1-0: Foul Ball, location: 2F
1-1: Ball
2-1: Ball
3-1: Base on Balls
Batting: RHB Tony Hernández 0-0: Ball
1-0: Swinging Strike
1-1: SINGLE (Groundball, 6MD)
Vicente Pagán to second
Runner from 2nd tries for 3rd, SAFE, no throw
Batting: SHB Júlio Romano 0-0: Swinging Strike
0-1: Called Strike
0-2: Foul Ball, location: 2F
0-2: Strikes out looking
Tony Hernández is caught stealing 2nd base
Batter strikes out.
Batting: RHB Vincent Braun 0-0: Foul Ball, location: 2F
0-1: SINGLE (Line Drive, 78M)
Vicente Pagán scores
Batting: RHB José Vidal 0-0: Called Strike
0-1: Fielders Choice at 2nd, 5-4 (Groundball, 5)
Top of the 2nd over - 1 run(s), 2 hit(s), 0 error(s), 0 left on base; Bismark 1 - Culver City 0
BOTTOM OF THE 2ND
Culver City Extras batting - Pitching for Bismark Border Guards : RHP Brandon Sweet
Batting: RHB Cooper Richard 0-0: Ball
1-0: Foul Ball, location: 2F
1-1: Ball
2-1: Ball
3-1: Base on Balls
Batting: RHB Daniel Santiago 0-0: Ball
1-0: Ball
2-0: SINGLE (Line Drive, 4)
Cooper Richard to second
Runner from 2nd tries for 3rd, SAFE, throw made to third
Batting: RHB Jesús Lara 0-0: Foul Ball, location: 2F
0-1: Ball
1-1: Swinging Strike
1-2: Foul Ball, location: 2F
1-2: Ball
2-2: Ball
3-2: Base on Balls
Daniel Santiago to second
Batting: RHB Pancho Reyna 0-0: Ball
1-0: Fly out, F7 (Flyball, 7)
Runner from 3rd tags up, SCORES, no throw
Batting: RHB Augusto Trevino 0-0: Ball
1-0: Ball
2-0: Called Strike
2-1: Called Strike
Daniel Santiago steals 3rd base
Jesús Lara to second
2-2: Ball
3-2: Base on Balls
Batting: RHB Horace Johnson 0-0: Foul Ball, location: 2F
0-1: Ball
1-1: Called Strike
1-2: Strikes out looking
Batting: RHB Ramón Molina 0-0: Ball
1-0: Ball
2-0: SINGLE (Line Drive, 6MD)
Daniel Santiago scores
Jesús Lara to third
Augusto Trevino to second
Batting: RHB Tony Cruz 0-0: Ball
1-0: Ball
2-0: Ball
3-0: Foul Ball, location: 2F
3-1: Base on Balls
Jesús Lara scores
Augusto Trevino to third
Ramón Molina to second
Batting: LHB Richard Bell 0-0: Foul Ball, location: 2F
0-1: Fly out, F8 (Flyball, 8LM)
Bottom of the 2nd over - 3 run(s), 2 hit(s), 0 error(s), 3 left on base; Bismark 1 - Culver City 3
TOP OF THE 3RD
Bismark Border Guards batting - Pitching for Culver City Extras : RHP Luis Ramírez
Batting: RHB Rodrigo García 0-0: Called Strike
0-1: Foul Ball, location: 2F
0-2: Strikes out swinging
Batting: RHB Alfredo Farías 0-0: Ball
1-0: Ball
2-0: Swinging Strike
2-1: Foul Ball, location: 2F
2-2: Strikes out swinging
Batting: RHB Enrique Soto 0-0: SOLO HOME RUN (Flyball, 7D), Distance : 367 ft
Batting: LHB Norbert Mosley 0-0: Foul Ball, location: 2F
0-1: Swinging Strike
0-2: Strikes out looking
Top of the 3rd over - 1 run(s), 1 hit(s), 0 error(s), 0 left on base; Bismark 2 - Culver City 3
BOTTOM OF THE 3RD
Culver City Extras batting - Pitching for Bismark Border Guards : RHP Brandon Sweet
Batting: RHB Cooper Richard 0-0: Called Strike
0-1: Ball
1-1: Called Strike
1-2: Fly out, F7 (Flyball, 7S)
Batting: RHB Daniel Santiago 0-0: Ball
1-0: Called Strike
1-1: Swinging Strike
1-2: Fly out, F8 (Flyball, 8RD)
Batting: RHB Jesús Lara 0-0: Ball
1-0: Swinging Strike
1-1: Swinging Strike
1-2: Ball
2-2: Ball
3-2: Foul Ball, location: 2F
3-2: Fly out, F9 (Flyball, 9LM)
Bottom of the 3rd over - 0 run(s), 0 hit(s), 0 error(s), 0 left on base; Bismark 2 - Culver City 3
TOP OF THE 4TH
Bismark Border Guards batting - Pitching for Culver City Extras : RHP Luis Ramírez
Batting: SHB Vicente Pagán 0-0: Ball
1-0: Fly out, F8 (Flyball, 8RD)
Batting: RHB Tony Hernández 0-0: Foul Ball, location: 2F
0-1: Ball
1-1: Ball
2-1: Fly out, F9 (Flyball, 9LM)
Batting: SHB Júlio Romano 0-0: Swinging Strike
0-1: Ground out U3 (Groundball, 3S)
Top of the 4th over - 0 run(s), 0 hit(s), 0 error(s), 0 left on base; Bismark 2 - Culver City 3
BOTTOM OF THE 4TH
Culver City Extras batting - Pitching for Bismark Border Guards : RHP Brandon Sweet
Batting: RHB Pancho Reyna 0-0: Ball
1-0: Ball
2-0: Ball
3-0: Called Strike
3-1: Base on Balls
Batting: RHB Augusto Trevino 0-0: Ball
1-0: Foul Ball, location: 2F
1-1: Swinging Strike
1-2: Foul Ball, location: 2F
1-2: Ball
2-2: Strikes out swinging
Batting: RHB Horace Johnson 0-0: Ball
1-0: Ball
2-0: Ball
3-0: Base on Balls
Pancho Reyna to second
Batting: RHB Ramón Molina 0-0: Foul Ball, location: 2F
0-1: Swinging Strike
0-2: Foul Ball, location: 2F
0-2: DOUBLE (Flyball, 8RD)
Pancho Reyna scores
Horace Johnson to third
Runner from 3rd tries for Home, SAFE, no throw
Pitching: RHP Robert Alexander
Batting: RHB Tony Cruz 0-0: Foul Ball, location: 2F
0-1: Fly out, F4 (Popup, 4D)
Batting: LHB Richard Bell 0-0: Ball
1-0: DOUBLE (Flyball, 78D)
Ramón Molina scores
Batting: RHB Cooper Richard 0-0: Called Strike
0-1: Foul Ball, location: 2F
0-2: Foul Ball, location: 2F
0-2: Ball
1-2: Foul Ball, location: 2F
1-2: Strikes out swinging
Bottom of the 4th over - 3 run(s), 2 hit(s), 0 error(s), 1 left on base; Bismark 2 - Culver City 6
TOP OF THE 5TH
Bismark Border Guards batting - Pitching for Culver City Extras : RHP Luis Ramírez
Batting: RHB Vincent Braun 0-0: Ball
1-0: Swinging Strike
1-1: Fly out, F8 (Line Drive, 78M)
Batting: RHB José Vidal 0-0: Ball
1-0: Ball
2-0: Foul Ball, location: 2F
2-1: Ball
3-1: Foul Ball, location: 2F
3-2: Foul Ball, location: 2F
3-2: Strikes out swinging
Batting: RHB Rodrigo García 0-0: Foul Ball, location: 2F
0-1: Called Strike
0-2: Ground out 5-3 (Groundball, 56S)
Top of the 5th over - 0 run(s), 0 hit(s), 0 error(s), 0 left on base; Bismark 2 - Culver City 6
BOTTOM OF THE 5TH
Culver City Extras batting - Pitching for Bismark Border Guards : RHP Robert Alexander
Batting: RHB Daniel Santiago 0-0: Foul Ball, location: 2F
0-1: Ball
1-1: Foul Ball, location: 2F
1-2: Foul Ball, location: 2F
1-2: Foul Ball, location: 2F
1-2: Ground out 5-3 (Groundball, 56S)
Batting: RHB Jesús Lara 0-0: Ground out 1-3 (Groundball, P)
Batting: RHB Pancho Reyna 0-0: Ball
1-0: Called Strike
1-1: Foul Ball, location: 2F
1-2: Ball
2-2: Strikes out looking
Bottom of the 5th over - 0 run(s), 0 hit(s), 0 error(s), 0 left on base; Bismark 2 - Culver City 6
TOP OF THE 6TH
Bismark Border Guards batting - Pitching for Culver City Extras : RHP Luis Ramírez
Batting: RHB Alfredo Farías 0-0: Called Strike
0-1: Ball
1-1: Ball
2-1: Foul Ball, location: 2F
2-2: Foul Ball, location: 2F
2-2: Strikes out swinging
Batting: RHB Enrique Soto 0-0: Swinging Strike
0-1: Foul Ball, location: 2F
0-2: Strikes out swinging
Batting: LHB Norbert Mosley 0-0: Called Strike
0-1: Ball
1-1: Ball
2-1: Fly out, F9 (Line Drive, 89M)
Top of the 6th over - 0 run(s), 0 hit(s), 0 error(s), 0 left on base; Bismark 2 - Culver City 6
BOTTOM OF THE 6TH
Culver City Extras batting - Pitching for Bismark Border Guards : RHP Robert Alexander
Batting: RHB Augusto Trevino 0-0: Ball
1-0: Foul Ball, location: 2F
1-1: Called Strike
1-2: Foul Ball, location: 2F
1-2: Foul Ball, location: 2F
1-2: Ball
2-2: Ball
3-2: Fly out, F2 (Popup, P)
Batting: RHB Horace Johnson 0-0: Foul Ball, location: 2F
0-1: Foul Ball, location: 2F
0-2: DOUBLE (Flyball, 78XD)
Batting: RHB Ramón Molina 0-0: Foul Ball, location: 2F
0-1: Ball
1-1: Foul Ball, location: 2F
1-2: Ball
2-2: Strikes out swinging
Batting: RHB Tony Cruz 0-0: Intentional Walk
Batting: LHB Richard Bell 0-0: Foul Ball, location: 2F
0-1: Foul Ball, location: 2F
0-2: Foul Ball, location: 2F
0-2: Ball
1-2: Fly out, F7 (Flyball, 7S)
Bottom of the 6th over - 0 run(s), 1 hit(s), 0 error(s), 2 left on base; Bismark 2 - Culver City 6
TOP OF THE 7TH
Bismark Border Guards batting - Pitching for Culver City Extras : RHP Luis Ramírez
Batting: SHB Vicente Pagán 0-0: Ball
1-0: Ball
2-0: Fly out, F4 (Popup, 34D)
Batting: RHB Tony Hernández 0-0: Called Strike
0-1: Called Strike
0-2: Strikes out swinging
Batting: SHB Júlio Romano 0-0: Swinging Strike
0-1: Foul Ball, location: 2F
0-2: Ball
1-2: Foul Ball, location: 2F
1-2: Foul Ball, location: 2F
1-2: Strikes out swinging
Top of the 7th over - 0 run(s), 0 hit(s), 0 error(s), 0 left on base; Bismark 2 - Culver City 6
BOTTOM OF THE 7TH
Culver City Extras batting - Pitching for Bismark Border Guards : RHP Robert Alexander
Pitching: RHP Steve Benson
Batting: RHB Cooper Richard 0-0: Ball
1-0: Foul Ball, location: 2F
1-1: Swinging Strike
1-2: Strikes out swinging
Batting: RHB Daniel Santiago 0-0: Hit by Pitch
Batting: RHB Jesús Lara 0-0: Ball
1-0: Ball
2-0: Called Strike
2-1: Swinging Strike
2-2: Ball
3-2: SINGLE (Groundball, 34D)
Daniel Santiago to second
Runner from 2nd tries for 3rd, SAFE, no throw
Batting: RHB Pancho Reyna 0-0: Ball
1-0: Foul Ball, location: 2F
1-1: Ball
2-1: Ball
3-1: Foul Ball, location: 2F
3-2: Foul Ball, location: 2F
3-2: DOUBLE (Line Drive, 7LM)
Daniel Santiago scores
Jesús Lara to third
Jesús Lara scores
Batting: RHB Augusto Trevino 0-0: Ball
1-0: Called Strike
1-1: Ball
2-1: Ball
3-1: Base on Balls
Batting: RHB Horace Johnson 0-0: Ball
1-0: Called Strike
1-1: Ball
2-1: Foul Ball, location: 2F
2-2: Foul Ball, location: 2F
2-2: Ball
3-2: Base on Balls
Pancho Reyna to third
Augusto Trevino to second
Batting: RHB Ramón Molina 0-0: Foul Ball, location: 2F
0-1: DOUBLE (Line Drive, 9LS)
Pancho Reyna scores
Augusto Trevino scores
Horace Johnson to third
Pitching: RHP Jeff Alexander
Batting: RHB Tony Cruz 0-0: Called Strike
0-1: Ball
1-1: Foul Ball, location: 2F
1-2: Strikes out swinging
Batting: LHB Richard Bell 0-0: Ball
1-0: Ball
2-0: Ground out 5-3 (Groundball, 56)
Bottom of the 7th over - 4 run(s), 3 hit(s), 0 error(s), 2 left on base; Bismark 2 - Culver City 10
TOP OF THE 8TH
Bismark Border Guards batting - Pitching for Culver City Extras : RHP Luis Ramírez
Pitching: LHP Sebastián Cervantes
Now at 3B: Artie Pennington
Now at SS: Dave Anderson
Batting: RHB Vincent Braun 0-0: Ball
1-0: Fly out, F7 (Flyball, 7)
Batting: RHB José Vidal 0-0: Foul Ball, location: 2F
0-1: Ball
1-1: Ball
2-1: Ball
3-1: Base on Balls
Batting: RHB Rodrigo García 0-0: Foul Ball, location: 2F
0-1: Ball
Passed Ball!
José Vidal to second
1-1: Foul Ball, location: 2F
1-2: Ball
2-2: Foul Ball, location: 2F
2-2: Ball
3-2: Base on Balls
Batting: RHB Alfredo Farías 0-0: Ball
1-0: Ball
2-0: Fielders Choice at 2nd, 4-6 (Groundball, 4)
José Vidal to third
Batting: RHB Enrique Soto 0-0: Called Strike
0-1: Fielders Choice at 2nd, 4-6 (Groundball, 4)
Top of the 8th over - 0 run(s), 0 hit(s), 0 error(s), 1 left on base; Bismark 2 - Culver City 10
BOTTOM OF THE 8TH
Culver City Extras batting - Pitching for Bismark Border Guards : RHP Jeff Alexander
Batting: RHB Cooper Richard 0-0: SINGLE (Line Drive, 8LS)
Batting: RHB Daniel Santiago 0-0: Ball
1-0: Ball
2-0: Foul Ball, location: 2F
2-1: Foul Ball, location: 2F
2-2: Ball
3-2: Foul Ball, location: 2F
3-2: Base on Balls
Cooper Richard to second
Batting: RHB Jesús Lara 0-0: Ball
1-0: Ball
2-0: Ball
3-0: Base on Balls
Cooper Richard to third
Daniel Santiago to second
Batting: RHB Pancho Reyna 0-0: Swinging Strike
0-1: Foul Ball, location: 2F
0-2: Foul Ball, location: 2F
0-2: Ball
1-2: Strikes out looking
Batting: RHB Augusto Trevino 0-0: Called Strike
0-1: Ball
1-1: Swinging Strike
1-2: Fly out, F4 (Popup, 4)
Batting: RHB Dave Anderson 0-0: Ball
1-0: Swinging Strike
1-1: Ball
2-1: Ball
3-1: Foul Ball, location: 2F
3-2: Base on Balls
Cooper Richard scores
Daniel Santiago to third
Jesús Lara to second
Batting: RHB Ramón Molina 0-0: Ball
1-0: SINGLE (Flyball, 9S)
Daniel Santiago scores
Jesús Lara to third
Dave Anderson to second
Runner from 3rd tries for Home, SAFE, no throw
Pitching: LHP Júlio Parra
Batting: RHB Tony Cruz 0-0: Ball
1-0: Ball
2-0: Called Strike
2-1: Foul Ball, location: 2F
2-2: DOUBLE (Flyball, 89XD)
Dave Anderson scores
Ramón Molina to third
Batting: RHB Artie Pennington 0-0: Ball
1-0: Swinging Strike
1-1: Swinging Strike
1-2: Ball
2-2: Ball
3-2: Base on Balls
Batting: RHB Cooper Richard 0-0: Called Strike
0-1: Ball
1-1: Foul Ball, location: 2F
1-2: Foul Ball, location: 2F
1-2: Strikes out swinging
Bottom of the 8th over - 4 run(s), 3 hit(s), 0 error(s), 3 left on base; Bismark 2 - Culver City 14
TOP OF THE 9TH
Bismark Border Guards batting - Pitching for Culver City Extras : LHP Sebastián Cervantes
Batting: LHB Norbert Mosley 0-0: Called Strike
0-1: Fly out, F9 (Flyball, 9S)
Batting: SHB Vicente Pagán 0-0: Ball
1-0: DOUBLE (Flyball, 8LXD)
Pinch Hitting: RHB Reynaldo Slomp 0-0: Called Strike
0-1: Swinging Strike
0-2: Ball
1-2: SINGLE (Groundball, 56D)
Vicente Pagán to third
Runner from 3rd tries for Home, SAFE, no throw
Batting: SHB Júlio Romano 0-0: Called Strike
0-1: Ball
1-1: Fly out, F8 (Flyball, 78M)
Batting: RHB Vincent Braun 0-0: Fly out, F8 (Flyball, 8LS)
Top of the 9th over - 1 run(s), 2 hit(s), 0 error(s), 1 left on base; Bismark 3 - Culver City 14
Thursday, March 30th, 2017 - OOTP Baseball 17.12 Build 75